AoeStats
← rogue82

Arena

511464581Analyzed
1v1 RM · 14d ago on Oct 5, 2026· 42m 7s· 2 players
Game mode
Random Map
Map size
Tiny (2 player)
Population
200
Speed
Normal
Resources
Standard
Victory
Conquest
Starting age
Dark Age
Ending age
Imperial Age
RankedLock teamsTeams togetherTeam positionsShared explorationLock speedFull tech treeHidden civsTurbo modeCheats
Victory
Defeat
🇨🇦 Romans · Canada
861
+14
vs
🇺🇸 Persians · United States
826
-14
rogue82
10:23 Feudal Age
10:43 Double-Bit Axe
10:46 Horse Collar
16:28 Loom
16:31 Town Watch
19:09 Castle Age
18:56 Forging
19:28 Light Cavalry
20:32 Gold Mining
21:30 Scale Barding Armor
23:59 Iron Casting
24:25 Bloodlines
25:14 Gold Shaft Mining
26:16 Chain Barding Armor
25:47 Loom
30:34 Wheelbarrow
30:54 Husbandry
31:05 Stone Mining
31:34 Bow Saw
31:26 Heavy Plow
32:39 Hand Cart
33:25 Masonry
36:28 Imperial Age
34:54 Town Patrol
36:42 Fletching
37:23 Conscription
36:34 Cavalier
37:57 Plate Barding Armor
40:11 Blast Furnace
39:36 Capped Ram
40:41 Bodkin Arrow
Skepsis
7:24 Loom
10:51 Feudal Age
11:47 Double-Bit Axe
11:48 Horse Collar
14:36 Wheelbarrow
13:47 Town Watch
14:09 Gold Mining
18:20 Castle Age
16:52 Scale Mail Armor
17:00 Man-at-Arms
19:05 Long Swordsman
19:45 Squires
22:12 Chain Mail Armor
22:14 Forging
23:21 Heavy Plow
24:14 Fervor
24:48 Bow Saw
27:08 Iron Casting
28:16 Fortified Wall
29:48 Hand Cart
32:08 Imperial Age
33:18 Conscription
34:21 Town Patrol
35:42 Chemistry
36:54 Blast Furnace
36:28 Legionary
Connection lost

Rejoining the realm…

Still unreachable

The connection could not be restored.

Session expired

The server has moved on; the page needs a fresh start.